 Dungeon Crawl Stone Soup version 0.29.1-15-g9cfb28693d (webtiles) character file.

Game seed: 2759143777688134908

379 raph the Summoner (level 6, -2/30 (32) HPs)
             Began as a Deep Elf Summoner on Apr 25, 2023.
             Slain by a gnoll
             ... wielding a +1 flail of draining
              (5 damage)
             ... on level 3 of the Dungeon.
             The game lasted 00:04:55 (4530 turns).

raph the Summoner (Deep Elf Summoner)               Turns: 4530, Time: 00:04:56

HP:   -2/30 (32)    AC:  3    Str:  5    XL:     6   Next: 45%
MP:   8/12          EV: 12    Int: 22    God:
Gold: 86            SH:  0    Dex: 15    Spells: 2/11 levels left

rFire   . . .      SeeInvis .   f - +0 dagger
rCold   . . .      Faith    .   (no shield)
rNeg    . . .      Spirit   .   a - +0 robe
rPois   .          Reflect  .   (no helmet)
rElec   .          Harm     .   r - +0 cloak
rCorr   .          Rampage  .   (no gloves)
Will    .....                   (no boots)
Stlth   ++........              (no amulet)
HPRegen 0.10/turn               (no ring)
MPRegen 0.13/turn               (no ring)

@: drained
A: no striking features
a: no special abilities


You were on level 3 of the Dungeon.
You visited 1 branch of the dungeon, and saw 3 of its levels.

You collected 86 gold pieces.

Inventory:

Hand Weapons
 f - a +0 dagger (weapon)
 q - a +4 quarterstaff of chaos
Armour
 a - a +0 robe (worn)
 r - a +0 cloak (worn)
Wands
 p - a wand of polymorph (3)
Scrolls
 c - a scroll of teleportation {unknown}
 d - 3 scrolls of poison {unknown}
 e - 7 scrolls of identify {unknown}
 g - a scroll of immolation {unknown}
 j - a scroll of vulnerability {unknown}
 l - 2 scrolls of blinking {unknown}
 n - a scroll of butterflies {unknown}
Potions
 b - 2 potions of magic
 h - a potion of ambrosia {unknown}
 i - a potion of curing {unknown}
 k - 2 potions of brilliance {unknown}
 m - a potion of lignification {unknown}
 o - a potion of degeneration {unknown}
 s - a potion of heal wounds {unknown}


   Skills:
 - Level 2.4 Dodging
 - Level 2.4 Stealth
 - Level 3.0 Spellcasting
 + Level 8.6 Summonings


You had 2 spell levels left.
You knew the following spells:

 Your Spells              Type           Power      Damage    Failure   Level
a - Summon Small Mammal   Summ           100%       N/A       1%          1
b - Call Imp              Summ           41%        N/A       1%          2
c - Call Canine Familiar  Summ           41%        N/A       1%          3
d - Summon Guardian Gole  Hex/Summ       22%        N/A       6%          3

Your spell library contained the following spells:

 Spells                   Type           Power      Damage    Failure   Level
 Summon Lightning Spire   Summ/Air       22%        N/A       22%         4
 Portal Projectile        Hex/Tloc       6%         N/A       36%         3
 Leda's Liquefaction      Hex/Erth       1%         N/A       77%         4


Dungeon Overview and Level Annotations

Branches:
Dungeon (3/15)

Altars:

Shops:
D:1 :   D:2 *


Message History

Your hound dies!
Your hound's corpse disappears in a puff of smoke!
Your white imp gestures at the gnoll.
The puff of frost hits the hobgoblin!
The hobgoblin dies!
Something hits your rat.
Your rat dies!
Your rat's corpse disappears in a puff of smoke!
The gnoll completely misses your rat.
The gnoll hits your guardian golem with a +0 club.
Your rat closely misses the gnoll.
The gnoll hits your rat with a +1 flail of draining.
Your rat dies!
Your rat's corpse disappears in a puff of smoke!
The gnoll hits your guardian golem but does no damage.
Your guardian golem overheats!
You closely miss the gnoll. The gnoll hits you with a +0 whip.
The gnoll hits you with a +1 flail of draining!
You feel drained.
You barely miss the gnoll. The gnoll hits you but does no damage.
The gnoll hits you with a +1 flail of draining!
* * * LOW HITPOINT WARNING * * *
You feel drained.
* * * LOW HITPOINT WARNING * * *
The gnoll hits you with a +0 club.
* * * LOW HITPOINT WARNING * * *
Your white imp hits the gnoll but does no damage.
Your white imp hits the gnoll but does no damage.
The gnoll hits something with a +0 whip!
Flame seeps out of your guardian golem.
Your guardian golem is engulfed in blazing flames.
Flame seeps out of your guardian golem. Something hits your white imp.
Your white imp hits the gnoll.
Your white imp freezes the gnoll.
The gnoll hits your white imp with a +0 whip.
Your white imp hits the gnoll.
Your white imp freezes the gnoll.
The gnoll closely misses you. The gnoll attacks as you move away!
The gnoll hits you with a +1 flail of draining.
You die...

####......#######
..###.†##.# ...###....#
....##..#####
............#
#####'#####.#
#.......#.#########
#.........##......#
#.....♣.♣.....@.♣.##
#...#.....#...#g.5.#
....♣....#....♣....#g##
#.#...#.....#...#....9#
#.......♣.♣.......♣.♣.##
#..♣.♣.......♣.♣.......#
#......#...#.....#.†.#.#
. #.#....♣....#....♣...#
......#...#.....#..)#.#


You could see 2 gnolls, a friendly guardian golem (summoned, inner flame) and a
friendly white imp (summoned, sheltered).

Vanquished Creatures
  A dart slug (D:1)
  A worm (D:2)
  2 endoplasms
  3 goblins (D:1)
  2 hobgoblins (D:1)
  5 ball pythons
  4 bats
  A kobold (D:1)
  3 rats
22 creatures vanquished.

Vanquished Creatures (collateral kills)
  Sigmund (D:3)
  A necrophage (D:3)
  Crazy Yiuf (D:2)
  Jessica (D:2)
  A gnoll (D:3)
  4 adders
  2 dart slugs
  A ball python (D:3)
  3 bats
  2 endoplasms
  4 goblins
  4 hobgoblins
  5 kobolds
  A quokka (D:2)
  2 frilled lizards
  3 rats
36 creatures vanquished.

Grand Total: 58 creatures vanquished

Notes
Turn   | Place    | Note
-------+----------+-------------------------------------------
     0 | D:1      | raph the Deep Elf Summoner began the quest for the Orb.
     0 | D:1      | Reached XP level 1. HP: 10/10 MP: 6/6
   517 | D:1      | Reached XP level 2. HP: 11/15 MP: 6/8
   533 | D:1      | Reached skill level 5 in Summonings
   663 | D:1      | Learned a level 2 spell: Call Imp
  1148 | D:1      | Found a faded altar of an unknown god.
  1236 | D:1      | Found Hohau's Book Shoppe.
  1671 | D:1      | Reached XP level 3. HP: 19/19 MP: 5/9
  1675 | D:1      | Learned a level 3 spell: Call Canine Familiar
  1853 | D:2      | Reached skill level 6 in Summonings
  1990 | D:2      | Noticed Jessica
  2002 | D:2      | Killed Jessica
  2003 | D:2      | Reached XP level 4. HP: 24/24 MP: 10/10
  2146 | D:2      | Found Zapt's Assorted Antiques.
  2971 | D:2      | Learned a level 3 spell: Summon Guardian Golem
  3269 | D:2      | Found a runed translucent door.
  3270 | D:2      | Noticed Crazy Yiuf
  3612 | D:2      | Killed Crazy Yiuf
  4024 | D:3      | Noticed Sigmund
  4035 | D:3      | Killed Sigmund
  4036 | D:3      | Reached skill level 8 in Summonings
  4036 | D:3      | Reached XP level 5. HP: 11/28 MP: 4/11
  4036 | D:3      | Reached XP level 6. HP: 12/32 MP: 4/12
  4530 | D:3      | Slain by a gnoll

Illustrated notes

Levels and vault maps discovered:
D:1:      shiori_shiawase, layout_basic, basic_ecumenical_altar, serial_shops,
          nicolae_shop_competitors_out_of_business
D:2:      layout_basic, serial_shops, nicolae_shop_overgrown_old_shop,
          uniq_crazy_yiuf_cottage, uniq_jessica
D:3:      layout_basic, minivault_19, nicolae_kite_square_tiling_tiny,
          uniq_sigmund, uniq_natasha

Skill      XL: |  1  2  3  4 |
---------------+-------------+-----
Summonings     | 5 6 8 |  8.6
Dodging        | |  2.4
Stealth        | |  2.4
Spellcasting   | |  3.0

Action                   |  1- 3 |  4- 6 || total
-------------------------+-------+-------++-------
Melee: Spear             |    17 |       ||    17
       Dagger            |    36 |    37 ||    73
       Punch             |       |     1 ||     1
 Cast: Summon Small Mamm |    22 |     6 ||    28
       Call Imp          |     8 |    10 ||    18
       Call Canine Famil |     3 |     9 ||    12
       Summon Guardian G |       |     1 ||     1
 Stab: Sleeping          |     1 |     3 ||     4
Armor: Robe              |     6 |    15 ||    21
Dodge: Dodged            |    45 |    28 ||    73
